 Dungeon Crawl Stone Soup version 0.15-a0-1579-gd26fec2 (webtiles) character file.

219 PolkaDot the Vexing (level 5, -5/35 HPs)
             Began as a Vampire Enchanter on June 16, 2014.
             Slain by a big kobold necromancer
             ... wielding a +1 dagger
              (7 damage)
             ... in a sewer on June 18, 2014.
             The game lasted 00:11:11 (2642 turns).

PolkaDot the Vexing (Vampire Enchanter)             Turns: 2642, Time: 00:11:11

HP  -5/35        AC  4     Str  7      XL: 5   Next: 63%
MP   2/9         EV 12     Int 18      God:
Gold 63          SH  0     Dex 11 (14) Spells:  3 memorised,  2 levels left

rFire  . . .     SeeInvis +     a - +1 dagger
rCold  + + .     Clarity  .     b - +1 robe
rNeg   + + +     rCorr    .     (no shield)
rPois  +         rRot     +     (no helmet)
rElec  .         Spirit   .     (no cloak)
SustAb .         Warding  .     n - +0 pair of gloves
rMut   .         Stasis   .     (no boots)
Gourm  .                        (no amulet)
MR     .....                    (no ring)
                                (no ring)

@: very slightly contaminated, bloodless, non-regenerating, not resistant to
hostile enchantments, stealthy
A: fangs 3, see invisible, unbreathing
a: Bat Form


You were in a sewer.
You were bloodless.

You visited 1 branch of the dungeon, and saw 3 of its levels.
You also visited: Sewer.

You collected 63 gold pieces.

Inventory:

Hand weapons
 a - a +1 dagger (weapon)
Missiles
 l - 11 poisoned needles
Armour
 b - a +1 robe (worn)
 n - a +0 pair of gloves (worn)
Scrolls
 f - 4 scrolls of identify {unknown}
 g - 2 scrolls of random uselessness {unknown}
 h - 2 scrolls of blinking {unknown}
 i - 3 scrolls of remove curse {unknown}
 j - 2 scrolls of magic mapping {unknown}
 k - a scroll of amnesia {unknown}
 o - a scroll of enchant weapon {unknown}
 p - a scroll of fog {unknown}
 r - a scroll of fear {unknown}
 t - a scroll of recharging {unknown}
Potions
 d - a potion of magic
Books
 c - a book of Maledictions

   Spells                             Type                      Level
   *Corona                            Hexes                        1
   Sure Blade                         Hexes/Charms                 2
   *Ensorcelled Hibernation           Hexes/Ice                    2
   *Confuse                           Hexes                        3
   Dazzling Spray                     Conjuration/Hexes            3
   Enslavement                        Hexes                        4


   Skills:
 - Level 2.6 Short Blades
 - Level 2.1 Dodging
 + Level 6.4 Stealth
 - Level 2.0 Spellcasting
 * Level 7.2 Hexes
 - Level 1.0 Ice Magic


You had 2 spell levels left.
You knew the following spells:

 Your Spells              Type           Power        Failure   Level  Hunger
a - Corona                Hex            ####...      1%          1    #......
c - Confuse               Hex            ####....     2%          3    ####...
d - Ensorcelled Hibernat  Hex/Ice        ###...       6%          2    ##.....


Dungeon Overview and Level Annotations

Branches:
Dungeon (3/15)

Altars:


Innate Abilities, Weirdness & Mutations

You do not heal naturally.
You have razor-sharp teeth.*
You have supernaturally acute eyesight.
You can survive without breathing.*


Message History

The rat closely misses you.
The rat zombie bites you but does no damage.
The big kobold necromancer misses you.
You hit the big kobold necromancer but do no damage.
The big kobold necromancer is almost dead.
The green rat zombie bites you.
* * * LOW HITPOINT WARNING * * *
Unknown command.
Drink which item? (? for menu, Esc to quit)
Okay, then.
Unknown command.
Casting: Ensorcelled Hibernation
Confirm with . or Enter, or press ? or * to list all spells.
Aiming: Confuse
Press: ? - help, Shift-Dir - straight line, f/p - big kobold necromancer
Aim: a big kobold necromancer, wielding a dagger and wearing a robe (almost dead)
The big kobold necromancer resists with significant effort.
* * * LOW MAGIC WARNING * * *
The big kobold necromancer hits you with a dagger!
You die...

### ####### ### # #≈≈
#≈≈≈≈≈# #≈##≈ #≈
≈≈###≈#≈∩####≈≈#≈
#≈.###≈≈≈.......#≈##≈
#K@ZZ.............#
#rZr.......).......
#≈.Z....[...........
#≈#.....#########....
###....## ≈...##..)
≈≈....# ≈..≈##K.
###...## ####≈≈.##.
≈...# ##.≈##...#.
#...# #....#...#.


You could see a big kobold necromancer, a rat zombie, a green rat zombie, a big
kobold zombie, 2 rats and a green rat skeleton.

Vanquished Creatures
  2 big kobolds (Sewer)
  Terence (D:2)
  3 adders
  An orc (D:3)
  A giant cockroach (D:3)
  10 goblins
  6 hobgoblins
  A jackal (D:2)
  7 bats (D:1)
  2 giant geckos
  A giant newt (D:3)
  6 kobolds
  8 rats
49 creatures vanquished.

Notes
Turn   | Place    | Note
--------------------------------------------------------------
     0 | D:1      | PolkaDot, the Vampire Enchanter, began the quest for the Orb.
     0 | D:1      | Reached XP level 1. HP: 13/13 MP: 3/3
   305 | D:1      | Reached XP level 2. HP: 17/19 MP: 4/4
   393 | D:1      | Learned a level 2 spell: Ensorcelled Hibernation
   931 | D:2      | Upgraded the game from 0.15-a0-1537-ge1f089e to 0.15-a0-1579-gd26fec2
  1093 | D:2      | Noticed Terence
  1110 | D:2      | Killed Terence
  1110 | D:2      | Reached XP level 3. HP: 24/24 MP: 3/6
  1148 | D:2      | Reached skill level 1 in Ice Magic
  1251 | D:2      | Reached skill level 5 in Stealth
  1565 | D:2      | Reached skill level 5 in Hexes
  2232 | D:3      | Reached XP level 4. HP: 30/30 MP: 7/7
  2452 | D:3      | Learned a level 3 spell: Confuse
  2476 | D:3      | Found a glowing drain.
  2484 | Sewer    | Entered a sewer
  2557 | Sewer    | Noticed a big kobold necromancer
  2589 | Sewer    | Noticed a big kobold necromancer
  2606 | Sewer    | Killed a big kobold necromancer
  2606 | Sewer    | Reached skill level 6 in Hexes
  2606 | Sewer    | Reached XP level 5. HP: 35/35 MP: 6/9
  2626 | Sewer    | Killed a big kobold necromancer
  2626 | Sewer    | Reached skill level 7 in Hexes
  2629 | Sewer    | Noticed a big kobold necromancer
  2642 | Sewer    | Slain by a big kobold necromancer

Action                   |  1- 3 |  4- 6 || total
-------------------------+-------+-------++-------
Melee: Dagger            |    66 |    62 ||   128
 Cast: Corona            |     5 |       ||     5
       Ensorcelled Hiber |    20 |    17 ||    37
       Confuse           |       |     1 ||     1
  Use: Potion            |       |     8 ||     8
 Stab: Sleeping          |    21 |    10 ||    31
